 Dungeon Crawl Stone Soup version 0.27-a0-277-g024f7ef292 (webtiles) character file.

Game seed: 2475818411132095479

453 Borgoz the Skirmisher (level 7, -2/59 HPs)
             Began as a Ghoul Gladiator on Feb 5, 2021.
             Killed from afar by an orc wizard (7 damage)
             ... with a puff of flame
             ... on level 3 of the Dungeon.
             The game lasted 00:04:21 (4000 turns).

Borgoz the Skirmisher (Ghoul Gladiator)             Turns: 4000, Time: 00:04:22

Health: -2/59      AC:  5    Str: 18    XL:     7   Next: 5%
Magic:  6/6        EV: 14    Int:  9    God:
Gold:   81         SH:  5    Dex: 18    Spells: 6/6 levels left

rFire    . . .     SeeInvis .   a - +0 long sword
rCold    + . .     Faith    .   n - +0 buckler
rNeg     + + +     Spirit   .   b - +0 leather armour
rPois    ∞         Reflect  .   c - +1 helmet
rElec    .         Harm     .   (no cloak)
rCorr    .         Rampage  .   (no gloves)
Will     .....                  (no boots)
Stlth    +.........             (no amulet)
HPRegen  0.00/turn              f - +6 ring of intelligence
MPRegen  0.10/turn              j - +6 ring of dexterity

@: no status effects
A: claws 1, cold resistance 1, negative energy resistance 3, inhibited
regeneration, torment resistance, unbreathing
a: no special abilities


You were on level 3 of the Dungeon.
You visited 1 branch of the dungeon, and saw 3 of its levels.
You also visited: Sewer.

You collected 81 gold pieces.

Inventory:

Hand Weapons
 a - a +0 long sword (weapon)
Missiles
 d - 2 throwing nets (quivered)
Armour
 b - a +0 leather armour (worn)
 c - a +1 helmet (worn)
 n - a +0 buckler (worn)
Jewellery
 f - a +6 ring of intelligence (left claw)
 j - a +6 ring of dexterity (right claw)
Scrolls
 e - a scroll of magic mapping {unknown}
 g - a scroll of identify
 i - a scroll of teleportation
 k - a scroll of blinking
 l - a scroll of fog {unknown}
Potions
 p - a potion of magic


   Skills:
 + Level 4.0 Fighting
 + Level 4.0 Long Blades
 - Level 1.7 Throwing
 + Level 2.6 Armour
 + Level 3.9 Dodging
 + Level 2.3 Shields


You had 6 spell levels left.
You didn't know any spells.
Your spell library was empty.

Dungeon Overview and Level Annotations

Branches:
Dungeon (3/15)              Sewer (visited)

Altars:
Xom


Innate Abilities, Weirdness & Mutations

You thrive by killing the living.
You are immune to poison.
You have sharp fingernails.
Your flesh is cold resistant. (rC+)
You are immune to negative energy. (rN+++)
You do not regenerate when monsters are visible.
You are immune to unholy pain and torment.
You can survive without breathing.


Message History

You hit the orc priest but do no damage.
The orc priest is severely wounded.
The orc closely misses you. Something hits you but does no damage.
The orc priest hits you with a +0 flail.
* * * LOW HITPOINT WARNING * * *
You hear some strange, mumbled words.
You are confused.
The orc barely misses you.
You're too confused to move!
You bump into the rock wall.
The orc priest looks braver for a moment.
It was a potion of berserk rage.
You cannot raise a blood rage in your lifeless body.
Something hits you but does no damage.
You closely miss something.
You feel less confused.
You hear some strange, mumbled words.
A puff of flame appears from out of thin air!
The puff of flame hits you!
You die...

#..................##
####.#####.#......##
#.........#...##
#######.####### #.#
#.# #.# #.# #@# #{#
#b# .......oo......
#####.....###..
#.....# #...#.#
?.....# ##...###


You could see an orc priest, an orc and a bat.

Vanquished Creatures
  A phantom (D:2)
  3 big kobolds (Sewer)
  5 adders
  4 river rats (D:3)
  2 oozes (Sewer)
  2 worms (Sewer)
  A dart slug (D:2)
  4 leopard geckos
  5 orcs (D:3)
  3 ball pythons (Sewer)
  6 bats
  6 giant cockroaches
  8 goblins
  4 hobgoblins
  3 jackals (D:3)
  10 kobolds
  3 frilled lizards
  10 rats
80 creatures vanquished.

Notes
Turn   | Place    | Note
-------+----------+-------------------------------------------
     0 | D:1      | Borgoz the Ghoul Gladiator began the quest for the Orb.
     0 | D:1      | Reached XP level 1. HP: 17/17 MP: 0/0
    34 | D:1      | Reached XP level 2. HP: 25/25 MP: 1/1
   872 | D:2      | Reached XP level 3. HP: 30/30 MP: 2/2
   879 | D:2      | Reached skill level 1 in Armour
  1338 | D:2      | Noticed a phantom
  1344 | D:2      | Found a shimmering altar of Xom.
  1348 | D:2      | Killed a phantom
  1349 | D:2      | Reached skill level 1 in Shields
  1349 | D:2      | Reached XP level 4. HP: 19/38 MP: 3/3
  1349 | D:2      | Reached XP level 5. HP: 23/45 MP: 4/4
  2462 | D:3      | Found a glowing drain.
  2490 | Sewer    | Entered a sewer
  2886 | Sewer    | Noticed a big kobold
  2906 | Sewer    | Killed a big kobold
  2907 | Sewer    | Reached XP level 6. HP: 10/52 MP: 5/5
  3752 | D:3      | Reached XP level 7. HP: 59/59 MP: 6/6
  3992 | D:3      | HP: 2/59 [orc priest/divine providence (16)]
  4000 | D:3      | Killed from afar by an orc wizard

Illustrated notes

Levels and vault maps discovered:
D:1:      mrwooster_arrival_arrow, layout_rooms
D:2:      layout_basic, chequers_serial_rivers_room_a,
          brannock_xom_greatest_gift
D:3:      layout_loops_corners, portal_sewer_entry_e

Skill      XL: |  1  2  3  4  5  6  7 |
---------------+----------------------+-----
Long Blades    | 3 4 |  4.0
Armour         | 1 2 |  2.6
Dodging        | 3 |  3.9
Fighting       | 3 4 |  4.0
Shields        | 1 2 |  2.3
Throwing       | |  1.7

Action                   |  1- 3 |  4- 6 |  7- 9 || total
-------------------------+-------+-------+-------++-------
Melee: Long sword        |    67 |   179 |    49 ||   295
Throw: Throwing net      |       |     4 |       ||     4
  Use: Potion            |     3 |     3 |     3 ||     9
       Scroll            |       |    10 |       ||    10
Armor: Leather armour    |    32 |    33 |    14 ||    79
Dodge: Dodged            |    48 |   108 |    37 ||   193
Block: Buckler           |    13 |    33 |    12 ||    58
       Rpst.: Long sword |    13 |    34 |    12 ||    59

Table legend: (Time is in decaauts)
 A = Elapsed time spent in this place.
 B = Non-inter-level travel time spent in this place.
 C = Inter-level travel time spent in this place.
 D = Time resting spent in this place.
 E = Time spent auto-exploring this place.
 F = Levels seen in this place.
 G = Mean time per level.
                   A        B        C        D        E       F      G
               +--------+--------+--------+--------+--------+-----+--------+
         Total |   4181 |   4088 |     93 |   1492 |   1714 |   4 | 1045.2 |
       Dungeon |   2866 |   2773 |     93 |    807 |   1470 |   3 |  955.3 |
         Sewer |   1315 |   1315 |      0 |    685 |    243 |   1 | 1315.0 |
               +--------+--------+--------+--------+--------+-----+--------+

Top non-repeatable levels by time:
     D:2: 1519 daAuts
   Sewer: 1315 daAuts
     D:1: 756 daAuts
     D:3: 590 daAuts
